[Event "2nd Memorial Petro Katsan 2023"]
[Site "Chernonograd"]
[Date "2023.01.22"]
[Round "1"]
[White "Stepanov, Vitaliy V."]
[Black "Kikh, Andriy"]
[Result "0-1"]
[ECO "D02"]
[WhiteElo "2160"]
[BlackElo "1746"]
[Annotator "TA"]
[PlyCount "36"]
[EventDate "2023.01.24"]
[EventRounds "9"]
[EventCountry "UKR"]
[SourceTitle "playchess.com"]
[Source "ChessBase"]
[SourceQuality "1"]
[TimeControl "600+5"]

1. d4 c5 2. e3 d5 3. Nf3 Nc6 4. b3 Bf5 5. a3 e6 6. Bb2 {[#] D02: 1 d4 d5 2 Nf3 sidelines, including 2...Nf6 3 g3 and 2...Nf6 3 Bf4.} Rc8 $146 (6... cxd4 $11 7. Nxd4 Nxd4 8. Qxd4 a6) ({Predecessor:} 6... Nf6 7. Bd3 Bxd3 8. cxd3 Bd6 9. O-O O-O 10. Nbd2 Rc8 11. dxc5 Bxc5 12. Rc1 Bd6 {1-0 Ryszka,M (1186)-Kollbek,J (1193) Krakow Winter op-B 2022 (4)}) 7. Bd3 (7. dxc5 $1 $14 Nf6 8. b4) 7... Bg6 {[#]} (7... Bxd3 $1 $11 8. Qxd3 cxd4) 8. Bxg6 ({White should play} 8. dxc5 $1 $16 a5 9. Nc3) 8... hxg6 $14 9. Nbd2 (9. dxc5 $1 $14 Bxc5 10. Bxg7) 9... Nf6 10. O-O Qc7 11. Ne5 (11. dxc5 $11 Bxc5 12. h3) 11... Bd6 $15 12. f4 cxd4 13. exd4 Qb6 14. Ndf3 Ne4 {...f6 is the strong threat.} 15. g3 (15. c4 $15 Bxe5 16. fxe5) 15... g5 $17 {aiming for ...gxf4. Black is much more active.} 16. Nxc6 (16. c4 $142 Bxe5 17. fxe5) 16... Qxc6 $19 17. Nxg5 Qxc2 18. Nxe4 $2 {[#]} (18. Qxc2 $19 Rxc2 19. Rac1 Rcxh2 20. Rc8+ Ke7 21. Rxh8 Rxh8 22. Nxe4 dxe4 23. Kg2) 18... Qxh2# {Weighted Error Value: White=0.82/Black=0.25 (precise)} 0-1

[Event "2nd Memorial Petro Katsan 2023"]
[Site "Chernonograd"]
[Date "2023.01.22"]
[Round "1"]
[White "Kozak, Dmytro"]
[Black "Moroz, Mykola"]
[Result "1-0"]
[ECO "B24"]
[WhiteElo "1937"]
[BlackElo "1323"]
[Annotator "TA"]
[PlyCount "55"]
[EventDate "2023.01.24"]
[EventRounds "9"]
[EventCountry "UKR"]
[SourceTitle "playchess.com"]
[Source "ChessBase"]
[SourceQuality "1"]
[TimeControl "600+5"]

1. e4 c5 2. Nc3 Nc6 3. g3 d6 4. Bg2 Nf6 5. Nge2 Bd7 6. O-O {B24: Closed Sicilian: 3 g3 sidelines.} e6 7. d3 h6 8. h3 {The position is equal.} Be7 9. f4 {[#]} e5 $146 ({Predecessor:} 9... a6 10. g4 Nh7 11. f5 Bf6 12. Nf4 O-O 13. fxe6 Bxe6 14. Ncd5 Bd4+ 15. Kh1 Be5 {1-0 Matczyk,B (2013)-Kostowski,A (1774) Chorzow op 2010 (1)}) 10. f5 Nd4 11. Be3 O-O 12. g4 Ne8 13. Ng3 Nf6 (13... Bh4 $11 14. Kh2 b6) 14. h4 $2 (14. Nd5 $16) 14... Nh7 $15 15. Nh5 (15. h5 $15) 15... Bxh4 $17 {...g6 is the strong threat.} 16. Nd5 Bc6 (16... Nc6 $17 {And now ...Nb4 would win.} 17. f6 g6 18. Bxh6 gxh5 19. gxh5 Nxf6 20. Bxf8 Kxf8 21. Nxf6 Bxf6) 17. f6 $1 $11 {[%mdl 64] Deflection} Nxf6 (17... gxf6 18. Bxh6 Re8 19. g5 Bxg5 20. Ndxf6+ Bxf6 21. Qg4+ Bg5 22. Nf6+ Qxf6 23. Rxf6 $18) (17... Bxd5 18. fxg7 Bc6 19. gxf8=N (19. gxf8=B Qxf8 20. Rc1 Ne6 $16) 19... Qxf8 20. c3 $16) 18. Ndxf6+ Bxf6 (18... gxf6 $11 19. Bxh6 Bg5) 19. Nxf6+ $16 gxf6 20. Bxh6 Re8 $2 {[#]} (20... Ne6 $16) 21. c3 (21. g5 $1 $18 f5 22. c3 {[%mdl 64] Deflection} (22. exf5 Bxg2 23. Kxg2 Qd7 $18)) 21... Ne6 22. Qf3 {[%cal Of1f2][%mdl 1024] White has strong compensation.} a6 (22... Nf4 $16) 23. Rf2 $18 ({Don't do} 23. Qxf6 $6 Qxf6 24. Rxf6 Bb5 $16) 23... Kh7 {[#]} (23... Nf4 {might work better.} 24. Bxf4 exf4 25. Qxf4 Qe7) 24. Qh3 $1 ({And not} 24. Qxf6 Qxf6 25. Rxf6 Rg8 $11) 24... Kg8 $2 (24... Rh8 25. Raf1 Kg8) 25. Raf1 Ng5 26. Bxg5 {[%mdl 64] Remove Defender. White mates.} fxg5 27. Rxf7 Qb6 28. Qh7# {Weighted Error Value: White=0.27 (precise) /Black=0.83} 1-0

[Event "2nd Memorial Petro Katsan 2023"]
[Site "Chernonograd"]
[Date "2023.01.22"]
[Round "1"]
[White "Kutyra, Myroslav"]
[Black "Zanko, Rostyslav"]
[Result "1-0"]
[ECO "D10"]
[WhiteElo "1764"]
[BlackElo "1300"]
[Annotator "NA RC COMBH"]
[PlyCount "77"]
[EventDate "2023.01.24"]
[EventRounds "9"]
[EventCountry "UKR"]
[SourceTitle "playchess.com"]
[Source "ChessBase"]
[SourceQuality "1"]
[TimeControl "600+5"]

1. d4 d5 2. c4 c6 3. Nc3 Bf5 4. cxd5 cxd5 5. Qb3 Qd7 6. Qxd5 Qxd5 7. Nxd5 Kd8 8. Bf4 Na6 9. a3 e6 10. Nc3 Nf6 11. f3 Nc7 12. e4 Bg6 13. Rc1 Rc8 14. g4 Be7 15. Bg2 Kd7 16. h4 h6 17. Nge2 Rhd8 18. Be5 Ke8 19. Kf2 Bd6 20. Bxd6 Rxd6 21. e5 Rb6 22. exf6 gxf6 23. Na4 Rc6 24. Rxc6 bxc6 25. f4 Nd5 26. Rc1 Bd3 27. Bxd5 exd5 28. Ke3 Bb5 29. Nac3 Bc4 30. Ng3 Rb8 31. Rc2 Kd7 32. Nf5 Rg8 33. Nxh6 Rh8 34. g5 fxg5 35. fxg5 f6 36. Rf2 fxg5 37. hxg5 a6 38. Na4 Rg8 39. Nxg8 1-0

[Event "2nd Memorial Petro Katsan 2023"]
[Site "Chernonograd"]
[Date "2023.01.22"]
[Round "1"]
[White "Tsertsvadze, Anatoliy"]
[Black "Ilyk, Vitalii"]
[Result "1-0"]
[ECO "D02"]
[WhiteElo "1733"]
[BlackElo "1266"]
[Annotator "NA RC COMBH"]
[PlyCount "51"]
[EventDate "2023.01.24"]
[EventRounds "9"]
[EventCountry "UKR"]
[SourceTitle "playchess.com"]
[Source "ChessBase"]
[SourceQuality "1"]
[TimeControl "600+5"]

1. d4 d5 2. Nf3 Nf6 3. Bf4 e6 4. e3 c5 5. c3 Be7 6. Nbd2 Nbd7 7. Bd3 c4 8. Bc2 b5 9. a3 Bb7 10. h3 h6 11. O-O Nh5 12. Bh2 f5 13. Ne5 Nhf6 14. Ng6 Rg8 15. Nf3 Nf8 16. Nxf8 Kxf8 17. Ne5 g5 18. g4 fxg4 19. Nxg4 Nxg4 20. Qxg4 Bc8 21. Qh5 Rh8 22. f4 Qe8 23. Bg6 Qd7 24. fxg5+ Kg7 25. Be5+ Kg8 26. Bf7+ 1-0

[Event "2nd Memorial Petro Katsan 2023"]
[Site "Chernonograd"]
[Date "2023.01.22"]
[Round "1"]
[White "Pupko, Maksym"]
[Black "Koptsiukh, Vladimir"]
[Result "1-0"]
[ECO "C50"]
[WhiteElo "1301"]
[BlackElo "2021"]
[Annotator "TA"]
[PlyCount "71"]
[EventDate "2023.01.24"]
[EventRounds "9"]
[EventCountry "UKR"]
[SourceTitle "playchess.com"]
[Source "ChessBase"]
[SourceQuality "1"]
[TimeControl "600+5"]

1. e4 e5 2. Nf3 Nc6 3. Bc4 Bc5 4. Nc3 Nf6 5. d3 d6 6. Be3 Bb6 7. a3 {[#] C50: Hungarian Defence and Giuoco Pianissimo.} (7. Bg5 {feels hotter.} Bg4 8. Nd5 Nd4 9. c3) 7... Nd4 $146 ({Predecessor:} 7... O-O 8. O-O h6 9. Ne2 Be6 10. Bxe6 fxe6 11. c3 Qe7 12. a4 Rf7 13. b4 Raf8 14. a5 Bxe3 15. fxe3 {½-½ Douchez,T (1674)-Rohrer,C (2230) Cappelle Online Bullet op blitz 2021 (6)}) 8. Bxd4 exd4 9. Nd5 {The position is equal.} Nxd5 10. Bxd5 c6 11. Bb3 O-O 12. Qd2 (12. O-O $11 {keeps the balance.}) 12... Ba5 $1 $17 13. c3 dxc3 14. bxc3 Qf6 15. d4 Bg4 (15... Re8 $5 16. Qe3 Bf5 $17) 16. e5 (16. Qe3 $15) 16... dxe5 (16... Qf5 $17 17. Bc2 Qh5) 17. Nxe5 $11 Rfe8 18. O-O Bh5 (18... Be6 $1 $11 19. Qb2 c5) 19. Nc4 {White is more active.} (19. f4 $1 $16 {Threatens to win with g4.} Qh4 20. Rae1) 19... Bc7 20. Rfe1 Qh4 21. Ne5 Rad8 {[%cal Oe8e5] aiming for ...Rxe5!} (21... Bxe5 {simplifies} 22. dxe5 Qd8 23. Qf4 Bg6) 22. Qe3 (22. g3 {simplifies} Qf6 23. f4 Bg6 24. Qe3) 22... c5 23. g3 $1 cxd4 (23... Qh3 $14) 24. cxd4 $40 {[%mdl 128] White mounts an attack.} (24. gxh4 $2 {perishes.} dxe3 25. f4 Bxe5 26. fxe5 Rxe5 $19) 24... Qf6 {[#]} (24... Qxd4 $14 25. Qxd4 Rxd4 26. Nxf7 {[%mdl 64] Discovered Attack} Rb8) 25. Qc3 $2 (25. Nd7 $1 $16 Rxe3 26. Nxf6+ gxf6 27. Rxe3 (27. fxe3 Ba5 $16)) 25... Bb8 ({Black should play} 25... Bb6 $15 26. Re4 Bxd4 {[%mdl 64] Remove Defender} 27. Rxd4 Rxd4 28. Qxd4 Qxe5 29. Qxe5 Rxe5) 26. Nd7 {[%mdl 64] Deflection, Back Rank} Qd6 27. Rxe8+ Rxe8 28. Nc5 (28. Ba4 $14) 28... Qc6 29. Rc1 (29. Ba4 $5 b5 $8 30. Bc2 $11) 29... Bf3 {[#]} (29... Bd6 $11 {remains equal.}) 30. Qc4 (30. Ba4 $1 $16 b5 31. Bxb5 {[%mdl 64] Deflection} Qxb5 32. Qxf3) 30... Re7 31. d5 Qh6 (31... Qe8 $11 32. Qc3 Bg4) 32. Rc3 $4 (32. Nd7 $18 Re8 33. Qc8 {[%mdl 64] Double Attack} Qxc1+ 34. Qxc1) 32... Re1+ 33. Qf1 Rxf1+ (33... Qh3 $142 34. Qxe1 Qg2#) 34. Kxf1 $19 Bh5 {Strongly threatening ...Bg4.} 35. Nd7 Qd6 $4 (35... g5 $19 36. Nxb8 Qd6) 36. Rc8+ {Ingenious play by Pupko!   Weighted Error Value: White=0.59/Black=0.98} 1-0

[Event "2nd Memorial Petro Katsan 2023"]
[Site "Chernonograd"]
[Date "2023.01.22"]
[Round "1"]
[White "Tyurin, Rostyslav"]
[Black "Makhnivchyk, Andriy"]
[Result "1-0"]
[ECO "B70"]
[WhiteElo "1262"]
[BlackElo "1712"]
[Annotator "NA RC COMBH"]
[PlyCount "114"]
[EventDate "2023.01.24"]
[EventRounds "9"]
[EventCountry "UKR"]
[SourceTitle "playchess.com"]
[Source "ChessBase"]
[SourceQuality "1"]
[TimeControl "600+5"]

1. e4 c5 2. Nf3 d6 3. d4 cxd4 4. Nxd4 g6 5. Nc3 Bg7 6. Bb5+ Bd7 7. Bxd7+ Qxd7 8. O-O Nf6 9. Be3 O-O 10. Nf3 Nc6 11. h3 Rac8 12. Qd2 Na5 13. Qe2 Rxc3 14. bxc3 Nxe4 15. Bd4 Nxc3 16. Qd2 Bxd4 17. Nxd4 Qc7 18. Nf3 Rc8 19. Rfe1 Kg7 20. Qg5 f6 21. Qd2 Nb5 22. Nd4 Nxd4 23. Qxd4 Nc6 24. Qd5 Ne5 25. Rab1 b6 26. f4 Nc4 27. Re6 Kf8 28. Rbe1 Re8 29. Kh1 a6 30. Qd3 b5 31. Qg3 Qc5 32. Qh4 Qh5 33. Rxf6+ Kg7 34. Qxh5 gxh5 35. Rfe6 Kf7 36. Rh6 Kg7 37. Rxh5 Na3 38. c3 Nc4 39. Rd5 Rf8 40. Rxe7+ Kh8 41. Rh5 Rxf4 42. Rhxh7+ Kg8 43. Ra7 Nd2 44. Rhc7 Ne4 45. Rc8+ Rf8 46. Rxf8+ Kxf8 47. Rxa6 Nxc3 48. Rxd6 Nxa2 49. Rb6 b4 50. Rb7 Ke8 51. h4 Kd8 52. h5 Kc8 53. Rb5 Kc7 54. h6 Kc6 55. Rb8 Kc5 56. h7 Nc3 57. h8=Q Kd5 1-0

[Event "2nd Memorial Petro Katsan 2023"]
[Site "Chernonograd"]
[Date "2023.01.22"]
[Round "2"]
[White "Kikh, Andriy"]
[Black "Gavker, Markiyan"]
[Result "1-0"]
[ECO "A31"]
[WhiteElo "1746"]
[BlackElo "1310"]
[Annotator "NA RC COMBH"]
[PlyCount "104"]
[EventDate "2023.01.24"]
[EventRounds "9"]
[EventCountry "UKR"]
[SourceTitle "playchess.com"]
[Source "ChessBase"]
[SourceQuality "1"]
[TimeControl "600+5"]

1. d4 Nf6 2. c4 c5 3. Nf3 cxd4 4. Nxd4 Nc6 5. Nb3 e6 6. Bf4 Bb4+ 7. N1d2 Ne4 8. Qc2 Nxd2 9. Bxd2 Bxd2+ 10. Qxd2 O-O 11. e3 Qf6 12. Be2 Rd8 13. c5 b6 14. O-O bxc5 15. Nxc5 d5 16. Rac1 Ne5 17. Qd4 Nd7 18. Nb3 Nb6 19. Qxf6 gxf6 20. Rc7 e5 21. Rfc1 Bf5 22. Ba6 Kg7 23. h3 Be6 24. Nc5 Rd6 25. b3 d4 26. e4 Nd7 27. Nxe6+ fxe6 28. Bb5 Rd8 29. Rxa7 Kg6 30. Bd3 Nb6 31. a4 Nc8 32. Rac7 Nb6 33. a5 Na8 34. Rc8 h6 35. b4 R6d7 36. b5 Rd6 37. b6 Rxc8 38. Rxc8 Nxb6 39. axb6 Rxb6 40. Rc1 f5 41. f3 Kf6 42. h4 h5 43. Kh2 Rb3 44. Rd1 Rb8 45. Rd2 Rg8 46. Ra2 Rc8 47. exf5 Rc3 48. Be4 exf5 49. Ra6+ Kg7 50. Bxf5 d3 51. Rd6 Rc2 52. Rxd3 Rb2 1-0

[Event "2nd Memorial Petro Katsan 2023"]
[Site "Chernonograd"]
[Date "2023.01.22"]
[Round "2"]
[White "Katsan, Danylo"]
[Black "Kozak, Dmytro"]
[Result "1-0"]
[ECO "D02"]
[WhiteElo "1447"]
[BlackElo "1937"]
[Annotator "TA"]
[PlyCount "147"]
[EventDate "2023.01.24"]
[EventRounds "9"]
[EventCountry "UKR"]
[SourceTitle "playchess.com"]
[Source "ChessBase"]
[SourceQuality "1"]
[TimeControl "600+5"]

1. Nf3 Nf6 2. d4 d5 3. Bf4 e6 4. e3 Bd6 5. Ne5 O-O 6. Nd2 h6 {D02: 1 d4 d5 2 Nf3 sidelines, including 2...Nf6 3 g3 and 2...Nf6 3 Bf4.} 7. c3 b6 (7... c5 $11) 8. Bd3 Bb7 {[#] White is slightly better.} 9. Qe2 $146 {White has more active pieces.} ({White should play} 9. h4 $14) ({Predecessor:} 9. g4 Ne4 10. Ndf3 c5 11. h4 Qe8 12. h5 Bxe5 13. Nxe5 Qe7 14. f3 Ng5 15. Bxg5 hxg5 {½-½ Glatz,C (1671)-Zecirovic,G (1806) Lugano Paradiso op 2020 (5)}) 9... Nbd7 10. O-O Qe7 11. Nxd7 (11. Qf3 {looks sharper.} c5 12. Rfe1 Bc7 13. a4) 11... Qxd7 12. Bxd6 Qxd6 13. f3 c5 14. Rad1 cxd4 15. exd4 Qf4 16. Rfe1 Rfd8 17. Bb1 Rac8 18. Nf1 Nd7 19. Qd3 Nf8 {Dodges Qh7+} 20. Re5 Bc6 21. Ng3 (21. g3 $5 Qf6 $8 22. Ne3 $11) 21... Be8 22. Rde1 (22. Nh5 {seems wilder.} Qh4 23. g3 Qe7 24. Nf4) 22... f6 23. R5e2 (23. Ne2 {keeps more tension.} Bb5 24. Qc2 Bxe2 25. R5xe2 h5 26. Re3) 23... Bg6 24. Qa6 Bxb1 25. Rxb1 Rc7 26. Rbe1 Re7 27. Qa3 Rde8 28. Nf1 Qc7 29. Ne3 {[%cal Oe3d5] And now Nxd5! would win.} Ng6 30. Qb3 Nf4 31. Rd2 Qd7 32. Qc2 Qb5 33. g3 Nh3+ 34. Kg2 Ng5 35. Rde2 {aiming for h4.} Qd7 36. Ng4 f5 (36... Kh8 $11) 37. Ne5 $36 {[%mdl 2048] Black is under strong pressure.} Qd6 38. Qa4 (38. Ng6 $18) 38... Kh7 $2 (38... Nh7 $16 {was called for.} 39. Qc6 Qc7) 39. Qc2 $2 (39. h4 $18 Ne4 40. fxe4 dxe4 41. h5) 39... Nf7 (39... Kg8 $1 $11 {remains equal.}) 40. Nd3 Kg8 41. h4 (41. Nf4 $16) 41... Qd7 (41... e5 $11 {and Black has nothing to worry.}) 42. Nf4 $18 Nd8 (42... Qd6 $142 43. Ng6 Rb7) 43. Ng6 Rf7 44. Ne5 $1 Qe7 45. Nxf7 Qxf7 46. Re5 Qd7 47. Qe2 Kf7 48. Re3 Qd6 49. Qd3 Re7 50. Re5 Nc6 51. R5e2 Qc7 52. h5 Qd6 53. g4 Qf4 54. Kh3 Qg5 55. Qe3 Qf6 56. Qf4 g5 $2 (56... fxg4+ 57. Kxg4 b5) 57. hxg6+ Qxg6 58. gxf5 Qh5+ 59. Kg2 exf5 60. Rxe7+ Nxe7 {[%mdl 4096] Endgame KQR-KQN} 61. Re5 Qg6+ 62. Kf2 Qf6 (62... Qg5 $142 63. Qxg5 hxg5) 63. Re2 Qg6 64. Ke1 {Qc7 is the strong threat.} Qg1+ 65. Kd2 Qb1 $2 (65... Qg5 66. Qe3 Ng6) 66. Qc7 (66. Qxh6 Qxb2+ 67. Kd1 Qb1+ 68. Qc1 (68. Kd2 Ng6 $16) 68... Qd3+ 69. Ke1 Qxf3 $18) 66... Qxb2+ 67. Kd3 Qb1+ {[#]} 68. Ke3 $1 {White wants to mate with Kf2.} (68. Kd2 Qb2+ 69. Ke1 Qc1+ 70. Kf2 Qg5) 68... Qc1+ 69. Kf2 Qg5 70. Qxa7 f4 71. Qd7 $2 ({Not} 71. Qxb6 Qg3+ 72. Kf1 Qxf3+ 73. Ke1 Qxc3+ 74. Kd1 Qd3+ 75. Rd2 (75. Ke1 Qc3+ 76. Kd1 Qd3+ 77. Rd2 Qf3+ 78. Kc2 Nf5 $11) 75... Qf3+ 76. Kc2 Nf5 $11) ({Better is} 71. Kf1 $18) 71... Qg3+ $11 72. Kf1 Qxf3+ 73. Rf2 {Dancing on a razor blade.} Qh3+ $2 {[%mdl 8192] [#]} 74. Qxh3 {Weighted Error Value: White=0.32/Black=0.40} 1-0

[Event "2nd Memorial Petro Katsan 2023"]
[Site "Chernonograd"]
[Date "2023.01.22"]
[Round "2"]
[White "Gurgula, Ostap"]
[Black "Kutyra, Myroslav"]
[Result "0-1"]
[ECO "B12"]
[WhiteElo "1430"]
[BlackElo "1764"]
[Annotator "NA RC COMBH"]
[PlyCount "94"]
[EventDate "2023.01.24"]
[EventRounds "9"]
[EventCountry "UKR"]
[SourceTitle "playchess.com"]
[Source "ChessBase"]
[SourceQuality "1"]
[TimeControl "600+5"]

1. e4 c6 2. d4 d5 3. e5 Bf5 4. Nf3 e6 5. Bd3 Bg6 6. c3 Ne7 7. Qc2 Bxd3 8. Qxd3 Nf5 9. Nbd2 Nd7 10. Nb3 Be7 11. Be3 Qc7 12. h3 O-O 13. g4 Nxe3 14. Qxe3 c5 15. Rc1 a5 16. h4 Rac8 17. Ke2 Qb6 18. Qd2 a4 19. Na1 Qb5+ 20. Ke1 cxd4 21. Nxd4 Qb6 22. f4 Nc5 23. Rc2 Ne4 24. Qe3 a3 25. b3 Rxc3 26. Rxc3 Nxc3 27. Ndc2 Qxe3+ 28. Nxe3 Nxa2 29. Kd2 Rc8 30. f5 Bb4+ 31. Ke2 Nc3+ 32. Kf3 d4 33. Nc4 b5 34. Nb6 Rd8 35. f6 Ba5 36. Nc4 bxc4 37. bxc4 d3 38. Nb3 Bb4 39. g5 d2 40. Nxd2 Rxd2 41. Ke3 Rd8 42. h5 a2 43. g6 hxg6 44. hxg6 gxf6 45. gxf7+ Kxf7 46. Rh7+ Kg6 47. Ra7 Bc5+ 0-1

[Event "2nd Memorial Petro Katsan 2023"]
[Site "Chernonograd"]
[Date "2023.01.22"]
[Round "2"]
[White "Rubakha, Oleksiy"]
[Black "Tsertsvadze, Anatoliy"]
[Result "0-1"]
[ECO "C01"]
[WhiteElo "1362"]
[BlackElo "1733"]
[Annotator "NA RC COMBH"]
[PlyCount "106"]
[EventDate "2023.01.24"]
[EventRounds "9"]
[EventCountry "UKR"]
[SourceTitle "playchess.com"]
[Source "ChessBase"]
[SourceQuality "1"]
[TimeControl "600+5"]

1. e4 e6 2. d4 d5 3. exd5 exd5 4. Nf3 Bg4 5. h3 Bh5 6. Be2 Bd6 7. O-O Ne7 8. c4 c6 9. b3 O-O 10. Bb2 Nd7 11. Nc3 Rc8 12. Ne1 Bg6 13. Nc2 Bb8 14. Ne3 Qc7 15. g3 f5 16. Ng2 f4 17. f3 fxg3 18. Ba3 Nf6 19. cxd5 Qd7 20. Nf4 Bxf4 21. Kg2 Nfxd5 22. Nxd5 Nxd5 23. Bc4 Bf7 24. Bxd5 Bxd5 25. Bxf8 Rxf8 26. Qd3 Be6 27. Rh1 Bd5 28. Rhf1 Be6 29. Rh1 c5 30. Rad1 cxd4 31. Qxd4 Qb5 32. Rhe1 Bxh3+ 33. Kxh3 Qh5+ 34. Kg2 Qh2+ 35. Kf1 g2+ 36. Ke2 g1=Q+ 37. Kd3 Qxd4+ 38. Kxd4 Rd8+ 39. Ke4 Rxd1 40. Rxd1 g5 41. Rd8+ Kg7 42. Rd7+ Kg6 43. Rxb7 Qe2+ 44. Kd4 Qe5+ 45. Kc4 Qe2+ 46. Kd4 Qxf3 47. Rb5 Qe3+ 48. Kc4 h5 49. Rd5 Qe6 50. Kc5 h4 51. Rd1 h3 52. Rh1 h2 53. Kd4 Qe3+ 0-1

[Event "2nd Memorial Petro Katsan 2023"]
[Site "Chernonograd"]
[Date "2023.01.22"]
[Round "2"]
[White "Tymchyshyn, Volodymyr"]
[Black "Melnychuk, Yuriy"]
[Result "1-0"]
[ECO "C41"]
[WhiteElo "1267"]
[BlackElo "1385"]
[Annotator "NA RC COMBH"]
[PlyCount "171"]
[EventDate "2023.01.24"]
[EventRounds "9"]
[EventCountry "UKR"]
[SourceTitle "playchess.com"]
[Source "ChessBase"]
[SourceQuality "1"]
[TimeControl "600+5"]

1. e4 d6 2. d4 Nf6 3. Nc3 Nbd7 4. Nf3 e5 5. dxe5 dxe5 6. Bc4 Be7 7. Ng5 O-O 8. Bxf7+ Rxf7 9. Ne6 Qe8 10. Nxc7 Qd8 11. Nxa8 b5 12. Qd3 Bb7 13. Qxb5 Qxa8 14. f3 a5 15. Be3 Qa6 16. Qxa6 Bxa6 17. O-O-O Rf8 18. Nd5 Bd8 19. Nxf6+ Nxf6 20. Rd6 Bb5 21. Rhd1 Bc7 22. R6d2 Kf7 23. b3 Rc8 24. c4 Be8 25. Rc2 h6 26. Kb2 Ke6 27. c5 Bc6 28. a4 Rb8 29. Ka3 Nd7 30. Rc4 Nf6 31. b4 axb4+ 32. Rxb4 Ra8 33. Rd3 Ne8 34. Rd1 Ba5 35. Rc4 Bd8 36. Rb1 Bc7 37. Rd1 g5 38. g3 Nf6 39. h3 Nh5 40. Bf2 Nf6 41. g4 Bb5 42. Rb4 Bc6 43. Rc4 Ra5 44. Kb3 Ra8 45. Rd2 Rb8+ 46. Ka3 Ne8 47. h4 Ba5 48. Rb2 Rd8 49. Rb3 Rd2 50. Be1 Bxa4 51. Kxa4 Ra2+ 52. Ra3 Rxa3+ 53. Kxa3 Bxe1 54. hxg5 hxg5 55. c6 Nc7 56. Kb3 Bd2 57. Kc2 Bf4 58. Kd3 Kd6 59. Rc2 Na6 60. Ke2 Nc5 61. c7 Kxc7 62. Rxc5+ Kd6 63. Rc8 Ke6 64. Rf8 Ke7 65. Rxf4 gxf4 66. Kf2 Kf7 67. Kg2 Kg6 68. Kh2 Kh6 69. Kh3 Kg5 70. Kg2 Kg6 71. Kh2 Kh6 72. Kh3 Kg5 73. Kg2 Kg6 74. Kf2 Kf6 75. Ke2 Kg5 76. Kd3 Kh4 77. Kc4 Kg3 78. g5 Kxf3 79. Kd3 Kg2 80. g6 f3 81. g7 f2 82. g8=Q+ Kf3 83. Qf7+ Kg2 84. Qg6+ Kf3 85. Qf5+ Kg2 86. Ke2 1-0

[Event "2nd Memorial Petro Katsan 2023"]
[Site "Chernonograd"]
[Date "2023.01.22"]
[Round "2"]
[White "Korchevskyi, Volodymyr"]
[Black "Pupko, Maksym"]
[Result "1-0"]
[ECO "C45"]
[WhiteElo "1244"]
[BlackElo "1301"]
[Annotator "NA RC COMBH"]
[PlyCount "73"]
[EventDate "2023.01.24"]
[EventRounds "9"]
[EventCountry "UKR"]
[SourceTitle "playchess.com"]
[Source "ChessBase"]
[SourceQuality "1"]
[TimeControl "600+5"]

1. e4 e5 2. Nf3 Nc6 3. d4 exd4 4. Nxd4 Bb4+ 5. c3 Nxd4 6. Qxd4 Bf8 7. Bc4 c5 8. Qd5 Qf6 9. Bg5 Qe6 10. Qd3 Qg4 11. f4 Qxg2 12. Rf1 f6 13. Qd5 Ne7 14. Qf7+ Kd8 15. Bh4 Qxb2 16. e5 Qxa1 17. Bd3 fxe5 18. fxe5 Qb2 19. Qxf8+ Rxf8 20. Rxf8+ Kc7 21. Bxe7 Qxh2 22. Bd6+ Kc6 23. Be4+ Kb6 24. Nd2 Qg3+ 25. Kd1 Qxc3 26. Rf3 Qa1+ 27. Bb1 Qd4 28. Rb3+ Ka5 29. Ra3+ Kb6 30. Rb3+ Ka5 31. Bd3 Qa4 32. Nc4+ Qxc4 33. Bxc4 b6 34. Bd5 Ka4 35. Bxa8 b5 36. Bxc5 g5 37. Ra3# 1-0

[Event "2nd Memorial Petro Katsan 2023"]
[Site "Chernonograd"]
[Date "2023.01.22"]
[Round "3"]
[White "Kutyra, Myroslav"]
[Black "Katsan, Danylo"]
[Result "0-1"]
[ECO "E61"]
[WhiteElo "1764"]
[BlackElo "1447"]
[Annotator "NA RC COMBH"]
[PlyCount "77"]
[EventDate "2023.01.24"]
[EventRounds "9"]
[EventCountry "UKR"]
[SourceTitle "playchess.com"]
[Source "ChessBase"]
[SourceQuality "1"]
[TimeControl "600+5"]

1. d4 Nf6 2. Nf3 g6 3. c4 Bg7 4. Nc3 d6 5. Bg5 O-O 6. Qd2 Re8 7. e4 Nc6 8. Rd1 e5 9. d5 Nb8 10. h4 Bg4 11. Be2 Qd7 12. Bh6 Bh8 13. Nh2 Bxe2 14. Qxe2 Na6 15. g4 Nc5 16. h5 c6 17. b4 Na6 18. a3 cxd5 19. cxd5 Rac8 20. Bd2 Nc7 21. Rg1 Na8 22. Nf1 Nb6 23. Ne3 Bg7 24. f3 Kh8 25. hxg6 fxg6 26. Rh1 Re7 27. Ng2 Nc4 28. Nh4 Kg8 29. Nb1 Rf7 30. Bg5 Nb6 31. Ng2 Qa4 32. Ne3 Qd7 33. Nd2 Ne8 34. Qh2 Bh8 35. Kf2 Rc3 36. Nb1 Rc8 37. Rc1 Nc7 38. Rhg1 Nb5 39. Nf5 0-1

[Event "2nd Memorial Petro Katsan 2023"]
[Site "Chernonograd"]
[Date "2023.01.22"]
[Round "3"]
[White "Tsertsvadze, Anatoliy"]
[Black "Tymchyshyn, Volodymyr"]
[Result "0-1"]
[ECO "D03"]
[WhiteElo "1733"]
[BlackElo "1267"]
[Annotator "NA RC COMBH"]
[PlyCount "104"]
[EventDate "2023.01.24"]
[EventRounds "9"]
[EventCountry "UKR"]
[SourceTitle "playchess.com"]
[Source "ChessBase"]
[SourceQuality "1"]
[TimeControl "600+5"]

1. d4 Nf6 2. Nf3 e6 3. Bg5 Be7 4. e3 d5 5. Bd3 h6 6. Bh4 Nbd7 7. Nbd2 c5 8. c3 b6 9. O-O Bb7 10. Rc1 Rc8 11. Bb1 Nh5 12. Bxe7 Qxe7 13. Ne5 Nxe5 14. Qxh5 Nd7 15. f4 Nf6 16. Qh4 Ne4 17. Qxe7+ Kxe7 18. Nxe4 dxe4 19. f5 exf5 20. Rxf5 f6 21. Rcf1 Rhf8 22. dxc5 Rxc5 23. Rxc5 bxc5 24. Rd1 Ke6 25. b4 cxb4 26. cxb4 Bd5 27. a3 Rc8 28. Kf2 Rc3 29. a4 Rb3 30. b5 Ra3 31. Rd4 Ra1 32. Bxe4 Bxe4 33. Rxe4+ Kd5 34. Rd4+ Ke6 35. Kf3 Rf1+ 36. Ke2 Ra1 37. h4 Ra2+ 38. Kf3 h5 39. g3 g5 40. hxg5 fxg5 41. Rc4 Kd5 42. Rd4+ Ke5 43. Rc4 g4+ 44. Rxg4 hxg4+ 45. Kxg4 Rxa4+ 46. Kh5 Kf5 47. Kh6 Rg4 48. Kh5 Rxg3 49. e4+ Kxe4 50. Kh4 Rg8 51. Kh5 Kd5 52. Kh6 Kc5 0-1

[Event "2nd Memorial Petro Katsan 2023"]
[Site "Chernonograd"]
[Date "2023.01.22"]
[Round "3"]
[White "Karpinets, Andrian"]
[Black "Kikh, Andriy"]
[Result "1-0"]
[ECO "B40"]
[WhiteElo "1370"]
[BlackElo "1746"]
[Annotator "NA RC COMBH"]
[PlyCount "91"]
[EventDate "2023.01.24"]
[EventRounds "9"]
[EventCountry "UKR"]
[SourceTitle "playchess.com"]
[Source "ChessBase"]
[SourceQuality "1"]
[TimeControl "600+5"]

1. e4 e6 2. d4 c5 3. Nf3 cxd4 4. Nxd4 d5 5. Bb5+ Bd7 6. exd5 e5 7. Bxd7+ Nxd7 8. Nb5 a6 9. N5c3 Bc5 10. Nd2 h5 11. Nde4 Ne7 12. d6 Nf5 13. Bg5 f6 14. Qd5 Nd4 15. O-O-O Qb6 16. Na4 Qc6 17. Qxc6 bxc6 18. Naxc5 fxg5 19. Rhe1 O-O-O 20. c3 Nf5 21. Nxd7 Rxd7 22. Nxg5 Re8 23. f4 Rxd6 24. Rxd6 Nxd6 25. Rxe5 Rxe5 26. fxe5 Nc4 27. e6 Kd8 28. b3 Ne3 29. Kd2 Nxg2 30. Kd3 Ke7 31. Ne4 Kxe6 32. Nc5+ Kd5 33. Nxa6 Nf4+ 34. Ke3 Ne6 35. c4+ Kd6 36. Nb4 g5 37. Nd3 g4 38. Nf4 Ng7 39. Ke4 h4 40. b4 Ne8 41. a4 Nf6+ 42. Kf5 g3 43. hxg3 h3 44. Nxh3 Nd7 45. Nf4 Ne5 46. c5+ 1-0